 Dungeon Crawl Stone Soup version 0.20-a0-1122-gb7cbeb9 (webtiles) character file.

5 Amnesiac the Chiller (level 1, 0/10 HPs)
             Began as a Deep Elf Ice Elementalist on May 13, 2017.
             Slain by a bat (1 damage)
             ... on level 2 of the Dungeon.
             The game lasted 00:00:23 (57 turns).

Amnesiac the Chiller (Deep Elf Ice Elementalist)      Turns: 57, Time: 00:00:23

Health: 0/10       AC:  2    Str:  5    XL:     1   Next: 66%
Magic:  1/6        EV: 13    Int: 19    God:
Gold:   0          SH:  0    Dex: 15    Spells: 5/6 levels left

rFire    . . .     SeeInvis .   (no weapon)
rCold    . . .     Gourm    .   (no shield)
rNeg     . . .     Faith    .   a - +0 robe
rPois    .         Spirit   .   (no helmet)
rElec    .         Reflect  .   (no cloak)
rCorr    .         Harm     .   (no gloves)
MR       .....                  (no boots)
Stlth    ++........             (no amulet)
Regen    0.1/turn               (no ring)
MPRegen  0.1/turn               (no ring)

@: no status effects
A: no striking features
a: no special abilities


You were on level 2 of the Dungeon.
You were not hungry.

You visited 1 branch of the dungeon, and saw 2 of its levels.

Inventory:

Armour
 a - a +0 robe (worn)
Books
 b - a book of Frost

   Spells                             Type                      Level
   a - Freeze                         Ice                          1
   b - Throw Frost                    Conjuration/Ice              2
   c - Ozocubu's Armour               Charms/Ice                   3
   d - Throw Icicle                   Conjuration/Ice              4
   e - Summon Ice Beast               Ice/Summoning                4
Comestibles
 c - a bread ration


   Skills:
 - Level 2.4 Dodging
 - Level 2.4 Stealth
 + Level 3.0 Spellcasting
   Level 1.1 Conjurations
 * Level 3.7 Ice Magic


You had 5 spell levels left.
You knew the following spells:

 Your Spells              Type           Power        Failure   Level  Hunger
a - Freeze                Ice            ###.         3%          1    None


Dungeon Overview and Level Annotations

Branches:
Dungeon (1/15)

Altars:


Message History

Aim: a rat You freeze the rat.
The rat is severely wounded.
The rat bites you.
* * * LOW HITPOINT WARNING * * *
The jackal bites you.
* * * LOW HITPOINT WARNING * * *
A leopard gecko comes into view.
The leopard gecko hisses angrily.
The jackal barely misses you.
You see here 6 stones.
Casting: Freeze
Confirm with . or Enter, or press ? or * to list all spells.
Aiming: Freeze
Press: ? - help, Shift-Dir - straight line, f/p - rat
Aim: a rat (severely wounded)
You freeze the rat.
You kill the rat!
The jackal barely misses you.
Casting: Freeze
Confirm with . or Enter, or press ? or * to list all spells.
Aiming: Freeze
Press: ? - help, Shift-Dir - straight line, f - jackal
Aim: a jackal You freeze the jackal.
You kill the jackal!
Casting: Freeze
Confirm with . or Enter, or press ? or * to list all spells.
You don't have enough magic to cast that spell.
Casting: Freeze
Confirm with . or Enter, or press ? or * to list all spells.
You don't have enough magic to cast that spell.
You aren't carrying any potions.
Okay, then.
A frilled lizard and a goblin come into view.
Found a stone staircase leading up.
A hobgoblin comes into view. It is wielding a club.
The frilled lizard hisses angrily.
The goblin shouts!
Found a meat ration.
A frilled lizard comes into view.
The jackal barks!
The frilled lizard hisses angrily.
Found a scroll labeled GOHACW WANURO.
Casting: Freeze
Confirm with . or Enter, or press ? or * to list all spells.
Aiming: Freeze
Press: ? - help, Shift-Dir - straight line, f - jackal
Aim: a jackal You freeze the jackal.
You kill the jackal!
A hobgoblin comes into view. It is wielding a club.
A dart slug comes into view.
Found a ring mail.
A bat comes into view.
The bat hits you but does no damage. x2; The dart slug bites you.
* * * LOW HITPOINT WARNING * * *
Found a meat ration.
Found a stone staircase leading down.
The bat hits you but does no damage. The bat closely misses you.
The bat hits you but does no damage. The bat hits you.
* * * LOW HITPOINT WARNING * * *
The frilled lizard misses you. The bat hits you but does no damage.
The bat hits you.
You die...

# #. #..###### ..#
##.......# ..#
#........# ...#
#......@.# ..%#
#....[..b#### ....#
#.......J.l.##....#
........g.w....>..#
###.#....lg..#...##
....#........# ..#
....#..?.....# #
.............#
.............####


You could see an ooze, a dart slug, a hobgoblin, a goblin, a bat and 2 frilled
lizards.

Vanquished Creatures
  3 jackals (D:2)
  A frilled lizard (D:1)
  A rat (D:2)
5 creatures vanquished.

Notes
Turn   | Place    | Note
-------+----------+-------------------------------------------
     0 | D:1      | Amnesiac the Deep Elf Ice Elementalist began the quest for the Orb.
     0 | D:1      | Reached XP level 1. HP: 10/10 MP: 6/6
    20 | D:1      | You fall through a shaft!
    57 | D:2      | Slain by a bat

Vault maps used:
D:1:      scummos_arrival_star, minmay_surrounded
D:2:      lemuel_round_altar, nemelex_diamond_rough_becter

Action                   || total
-------------------------++-------
 Cast: Freeze            ||     8
Armor: Robe              ||     5
Dodge: Dodged            ||     8
